[Event "Early-Titled-Tuesday-Blitz-February-06-2024"]
[Site "Chess.com"]
[Date "2024.02.06"]
[Round "10"]
[White "CFalcons8"]
[Black "FlemingA"]
[Result "1-0"]
[WhiteElo "2341"]
[BlackElo "2415"]
[TimeControl "180+1"]
[EndTime "9:53:14 PST"]
[Termination "CFalcons8 won by resignation"]

1. Nf3 g5 2. Nxg5 e5 3. d4 Be7 4. Nf3 e4 5. Nfd2 d5 6. c4 c6 7. e3 Nf6 8. Nc3 Rg8 9. Qb3 Qd7 10. f3 exf3 11. Nxf3 Qe6 12. cxd5 cxd5 13. Nb5 Bd8 14. Bd2 a6 15. Nc3 Nc6 16. O-O-O Bd7 17. Kb1 b5 18.
Ne2 Ng4 19. Nf4 Qd6 20. Be1 Be6 21. h3 Nf6 22. g4 Ne4 23. Bd3 Na5 24. Bxa5 Bxa5 25.
Nxe6 Qxe6 26. Ne5 Nd6 27. Rhf1 f6 28. Nc6 Rg7 29. Nxa5 1-0

[Event "Early-Titled-Tuesday-Blitz-February-06-2024"]
[Site "Chess.com"]
[Date "2024.02.06"]
[Round "10"]
[White "Viktor_Poddubnyi"]
[Black "elchacal664"]
[Result "1-0"]
[WhiteElo "2268"]
[BlackElo "2421"]
[TimeControl "180+1"]
[EndTime "9:53:20 PST"]
[Termination "Viktor_Poddubnyi won by checkmate"]

1. e4 c5 2. Nf3 Nc6 3. d4 cxd4 4. Nxd4 g6 5. c4 Bg7 6. Be3 Nf6 7. Nc3 O-O 8. Be2 d6 9. O-O Bd7 10. f4 Nxd4 11. Bxd4 Bc6 12. Bf3 Nd7 13. Bxg7 Kxg7 14. Kh1 a5 15. Re1 f6 16. Nd5 Bxd5 17. exd5 Rf7 18.
Re2 a4 19. Qc2 a3 20. b3 Qb6 21. Rae1 Kf8 22. Bg4 f5 23. Bf3 Nf6 24. Qc3 Qa5 25. Qa1 b5 26. Rxe7 Re8 27. Rxe8+ Nxe8 28. Qh8# 1-0

[Event "Early-Titled-Tuesday-Blitz-February-06-2024"]
[Site "Chess.com"]
[Date "2024.02.06"]
[Round "10"]
[White "vladgoncharov"]
[Black "Mistango"]
[Result "0-1"]
[WhiteElo "2617"]
[BlackElo "2497"]
[TimeControl "180+1"]
[EndTime "9:53:21 PST"]
[Termination "Mistango won by resignation"]

1. d4 d6 2. e4 e5 3. dxe5 dxe5 4. Qxd8+ Kxd8 5. Bc4 f6 6. Be3 Nd7 7. c3 Bc5 8. Ke2 Bxe3 9. Kxe3 Nb6 10. Bb3 Ke7 11. Nd2 Be6 12. Ne2 Nh6 13. f3 Nf7 14. Rhd1 Rhd8 15. Bxe6 Kxe6 16. b3 Rd7 17. Nf1 Rad8 18. Rxd7 Nxd7 19. Rd1 Nc5 20. Rxd8 Nxd8 21. Kd2 Nc6 22.
Ne3 Ne7 23. Nc1 g6 24. Nd3 Nxd3 25. Kxd3 f5 26. a4 f4 27. Nc4 b6 28. b4 g5 29. h3 Ng6 30. Ke2 h5 31. Na3 c6 32.
Nc4 Nf8 33. a5 Nd7 34. axb6 axb6 35. Kd3 b5 36. Nb2 Nf6 37. c4 g4 38. hxg4 hxg4 39. Nd1 bxc4+ 40. Kxc4 g3 41. Nb2 Nxe4 42. Nd3 Nd2+ 43.
Kc5 Nxf3 44. Kxc6 Nd4+ 45. Kc5 f3 0-1

[Event "Early-Titled-Tuesday-Blitz-February-06-2024"]
[Site "Chess.com"]
[Date "2024.02.06"]
[Round "10"]
[White "mertfelin"]
[Black "Narek_Ghimoyan"]
[Result "0-1"]
[WhiteElo "2277"]
[BlackElo "2424"]
[TimeControl "180+1"]
[EndTime "9:53:21 PST"]
[Termination "Narek_Ghimoyan won by resignation"]

1. e4 g6 2. d4 Bg7 3. Nf3 c6 4. Be3 d5 5. e5 Bg4 6. h3 Bxf3 7. Qxf3 e6 8. Bd3 Nd7 9. Nd2 c5 10. c3 cxd4 11. cxd4 Ne7 12. O-O Nc6 13. a3 a5 14.
Rac1 O-O 15. Rc2 Qb6 16. Qg4 a4 17. Nf3 Qb3 18. Rd2 Na5 19. Ng5 Rae8 20. Qh4 h6 21.
Nf3 h5 22. Bg5 Nc4 23. Bxc4 dxc4 24. Be7 Nb6 25. Bxf8 Bxf8 26. Ng5 Be7 27. Qf4 Bxg5 28. Qxg5 Nd5 29. Rc1 b5 30. g4 hxg4 31. hxg4 Qf3 32.
Qh4 Nf4 33. Qg3 Ne2+ 34. Rxe2 Qxe2 35. Kg2 Rd8 36. Rh1 Rxd4 37. Rc1 Rxg4 0-1

[Event "Early-Titled-Tuesday-Blitz-February-06-2024"]
[Site "Chess.com"]
[Date "2024.02.06"]
[Round "10"]
[White "Zurability"]
[Black "winniethepooh04"]
[Result "1-0"]
[WhiteElo "2739"]
[BlackElo "2519"]
[TimeControl "180+1"]
[EndTime "9:53:22 PST"]
[Termination "Zurability won by resignation"]

1. e4 e6 2. d4 d5 3. Nd2 c5 4. exd5 Qxd5 5. Ngf3 cxd4 6. Bc4 Qd6 7. O-O Nf6 8. Nb3 Nc6 9. Nbxd4 Nxd4 10. Nxd4 a6 11. c3 Qc7 12. Bb3 Be7 13. Qf3 O-O 14. Bf4 Bd6 15.
Bxd6 Qxd6 16. Rad1 Qc7 17. Rfe1 Bd7 18. Qg3 Qxg3 19.
hxg3 Rad8 20. f3 Bc8 21. Kf2 Rd7 22. Nc2 Rfd8 23. Rxd7 Rxd7 24. Ne3 Kf8 25. Rd1 Rxd1 26. Nxd1 Ke7 27. Ne3 Nd7 28. Bc2 h6 29. g4 Kd6 30.
Nc4+ Kc5 31. Nd2 Kd6 32. Ne4+ Ke7 33. Ke3 Nf6 34. Nd2 Bd7 35. Kd4 Bc6 36. Nc4 Ne8 37.
Na5 Kd6 38. Nc4+ Ke7 39. Kc5 Bd5 40. Na5 Kd7 41. Kb6 Kc8 42. c4 1-0

[Event "Early-Titled-Tuesday-Blitz-February-06-2024"]
[Site "Chess.com"]
[Date "2024.02.06"]
[Round "10"]
[White "ural58"]
[Black "Chessdude1987"]
[Result "1-0"]
[WhiteElo "2480"]
[BlackElo "2292"]
[TimeControl "180+1"]
[EndTime "9:53:22 PST"]
[Termination "ural58 won by resignation"]

1. e4 e6 2. d4 d5 3. Nc3 Nf6 4. Bg5 h6 5. Bxf6 Qxf6 6. exd5 Bb4 7. Bb5+ Bd7 8. Bxd7+ Nxd7 9. dxe6 Bxc3+ 10. bxc3 Qxe6+ 11. Qe2 Qxe2+ 12. Nxe2 Nb6 13. O-O O-O-O 14. Rfe1 Rhe8 15.
Nf4 g6 16. f3 Rxe1+ 17. Rxe1 Kd7 18. Kf2 Nc4 19. h4 Kd6 20. h5 g5 21. Nd3 b6 22.
Ne5 Nxe5 23. Rxe5 c5 24. Ke3 f6 25. Re4 Kd5 26. Re7 Kc4 27. Rxa7 Kxc3 28. dxc5 bxc5 29.
Rc7 c4 30. Rc6 Re8+ 31. Kf2 Rf8 32. a4 Kb4 33. a5 Kb5 34. Rc7 Kxa5 35. Rxc4 Kb5 36.
Rc7 Rd8 37. Rh7 Rd2+ 38. Kg3 Rxc2 39. Rxh6 Rc6 40. Rg6 Kc5 41. h6 Kd5 42. h7 1-0

[Event "Early-Titled-Tuesday-Blitz-February-06-2024"]
[Site "Chess.com"]
[Date "2024.02.06"]
[Round "10"]
[White "Darius321"]
[Black "Muslim_player_05"]
[Result "0-1"]
[WhiteElo "2361"]
[BlackElo "2483"]
[TimeControl "180+1"]
[EndTime "9:53:22 PST"]
[Termination "Muslim_player_05 won by checkmate"]

1. e4 e5 2. Nf3 Nc6 3. d4 exd4 4. Nxd4 Bc5 5. Be3 Qf6 6. c3 Nge7 7. Nc2 Bb6 8. Bxb6 axb6 9. Ne3 d6 10. Be2 O-O 11.
O-O Qg6 12. Nd2 f5 13. Nd5 fxe4 14. Nxc7 Bh3 15. g3 Bxf1 16. Nxf1 Ra5 17. Bc4+ Kh8 18. Ne3 Ne5 19. b4 Nf3+ 20. Kg2 Rh5 21. Nf1 Nxh2 22.
Nxh2 Rxh2+ 23. Kxh2 Rxf2+ 24. Kh1 Qh6+ 25. Kg1 Qh2# 0-1

[Event "Early-Titled-Tuesday-Blitz-February-06-2024"]
[Site "Chess.com"]
[Date "2024.02.06"]
[Round "10"]
[White "Yurovskykh_Oleksandr"]
[Black "starworld123"]
[Result "0-1"]
[WhiteElo "2657"]
[BlackElo "2835"]
[TimeControl "180+1"]
[EndTime "9:53:27 PST"]
[Termination "starworld123 won by resignation"]

1. d4 Nf6 2. Nf3 d5 3. c3 e6 4. Bf4 c5 5. e3 Nc6 6. Nbd2 Bd6 7. Bg3 O-O 8. Bb5 Be7 9. Bd3 Nh5 10. Qe2 g6 11.
Rd1 f5 12. Be5 Nxe5 13. Nxe5 Bd6 14. f4 c4 15. Bc2 b5 16. O-O b4 17. Ndf3 Nf6 18. cxb4 Qb6 19. b3 cxb3 20. axb3 Qxb4 21. Ra1 a5 22. Ra4 Ba6 23. Qf2 Qc3 24. Rfa1 Bb5 25.
R4a2 Bb4 26. Bb1 Qc1+ 0-1

[Event "Early-Titled-Tuesday-Blitz-February-06-2024"]
[Site "Chess.com"]
[Date "2024.02.06"]
[Round "10"]
[White "LyonBeast"]
[Black "Hikaru"]
[Result "1/2-1/2"]
[WhiteElo "3170"]
[BlackElo "3304"]
[TimeControl "180+1"]
[EndTime "9:53:31 PST"]
[Termination "Game drawn by repetition"]

1. e4 e5 2. Nf3 Nc6 3. Bb5 Nf6 4. O-O Nxe4 5. d4 Nd6 6. Bxc6 dxc6 7. dxe5 Nf5 8. Qxd8+ Kxd8 9. Nc3 Bd7 10. h3 h6 11. b3 a5 12. Bb2 Kc8 13. a4 b6 14.
Rad1 Ne7 15. Rfe1 c5 16. Ne2 Ng6 17. h4 Bg4 18. Nh2 Bxe2 19. Rxe2 Nf4 20. Red2 Be7 21. g3 Ne6 22. Nf1 c4 23. Ne3 cxb3 24. cxb3 Bc5 25. Nd5 h5 26. Nf4 Nxf4 27. gxf4 Kb7 28. Rd7 Rhf8 29.
e6 fxe6 30. Be5 Rac8 31. Rxg7 Kc6 32. Kf1 Bd6 33. Rc1+ Kd5 34. Rd1+ Kc6 35. Rc1+ Kd5 36.
Rd1+ Kc6 1/2-1/2

[Event "Early-Titled-Tuesday-Blitz-February-06-2024"]
[Site "Chess.com"]
[Date "2024.02.06"]
[Round "10"]
[White "ATM622"]
[Black "HelvertHernandez"]
[Result "1-0"]
[WhiteElo "2439"]
[BlackElo "1959"]
[TimeControl "180+1"]
[EndTime "9:53:31 PST"]
[Termination "ATM622 won by resignation"]

1. d4 Nf6 2. c4 g6 3. g3 Bg7 4.
Bg2 c6 5. Nf3 d6 6. O-O Bg4 7. Nc3 Nbd7 8. Qc2 O-O 9. Rd1 Rc8 10.
h3 Bxf3 11. Bxf3 Qc7 12. b4 e5 13. Be3 exd4 14. Bxd4 Ne5 15. Bxe5 dxe5 16. c5 Rcd8 17. Bg2 Qe7 18. e3 Qe6 19. a4 a6 20. b5 Nd5 21.
Nxd5 cxd5 22. bxa6 bxa6 23. Rab1 Rc8 24. Bxd5 Qe7 25. c6 Rfd8 26. Rb7 Qxb7 27. cxb7 Rxc2 28. Bxf7+ Kxf7 29. Rxd8 Rb2 30. b8=Q Rxb8 31. Rxb8 e4 32. Rb4 a5 33. Rxe4 Bc3 34. Rc4 Bb4 35. Kf1 Kf6 36. Ke2 h5 37. Kd3 Kf5 38. f3 Ke5 39. h4 Kf5 40. Rxb4 axb4 41. Kc4 g5 42. hxg5 Kxg5 43. Kxb4 1-0

[Event "Early-Titled-Tuesday-Blitz-February-06-2024"]
[Site "Chess.com"]
[Date "2024.02.06"]
[Round "10"]
[White "GHANDEEVAM2003"]
[Black "GMBenjaminBok"]
[Result "0-1"]
[WhiteElo "3032"]
[BlackElo "2995"]
[TimeControl "180+1"]
[EndTime "9:53:34 PST"]
[Termination "GMBenjaminBok won by resignation"]

1. c4 Nf6 2. Nc3 e5 3. Nf3 Nc6 4. d4 exd4 5. Nxd4 Bb4 6. g3 Bxc3+ 7. bxc3 O-O 8. Bg2 Ne5 9. c5 d6 10. cxd6 Qxd6 11. O-O c6 12. Rb1 Qc7 13. Qa4 Bd7 14. Qa3 Rfe8 15. Rd1 h6 16. h3 b6 17. Bf4 Nd5 18.
Qc1 Nxf4 19. Qxf4 Rad8 20. g4 Qc8 21. Nf5 Ng6 22. Qf3 Bxf5 23. gxf5 Nh4 24. Qxc6 Qxf5 25. Rxd8 Qxb1+ 0-1

[Event "Early-Titled-Tuesday-Blitz-February-06-2024"]
[Site "Chess.com"]
[Date "2024.02.06"]
[Round "10"]
[White "GMCorinnaKopff"]
[Black "VinzentSpitzl"]
[Result "0-1"]
[WhiteElo "2360"]
[BlackElo "2468"]
[TimeControl "180+1"]
[EndTime "9:53:35 PST"]
[Termination "VinzentSpitzl won by resignation"]

1. e4 c5 2. Nf3 d6 3. d4 cxd4 4. Nxd4 Nf6 5. Nc3 a6 6. Bg5 e6 7. f4 Qc7 8. Qf3 b5 9. O-O-O b4 10. Nd5 exd5 11. exd5 Be7 12. Bd3 Bg4 13. Qg3 Bxd1 14. Rxd1 h6 15. Bh4 Nh5 16. Qg4 Bxh4 17. Qxh4 Nf6 18. Nf5 Kf8 19. Re1 Nbd7 20. Re3 Qc5 21. Qg3 g6 22. Ne7 Re8 23. Nxg6+ fxg6 24. Rxe8+ Kxe8 25.
Qxg6+ Kd8 26. Qg7 Qe3+ 27. Kd1 Re8 0-1

[Event "Early-Titled-Tuesday-Blitz-February-06-2024"]
[Site "Chess.com"]
[Date "2024.02.06"]
[Round "10"]
[White "Raud100"]
[Black "Karttunen"]
[Result "0-1"]
[WhiteElo "2430"]
[BlackElo "2664"]
[TimeControl "180+1"]
[EndTime "9:53:39 PST"]
[Termination "Karttunen won by resignation"]

1. d4 Nf6 2. c4 g6 3. Nc3 d6 4.
e4 Bg7 5. f3 O-O 6. Be3 e5 7.
Nge2 Nh5 8. Qd2 Nc6 9. O-O-O a6 10. g4 Nf4 11. Nxf4 exd4 12. Nfd5 dxe3 13. Qxe3 b5 14. g5 b4 15. Ne2 Ne5 16. Ng3 c6 17. Nb6 Rb8 18.
c5 Nxf3 19. Qxf3 Qxg5+ 20. Kb1 Bg4 21. Qd3 dxc5 22. Rc1 Rxb6 23. Rxc5 Qxc5 0-1

[Event "Early-Titled-Tuesday-Blitz-February-06-2024"]
[Site "Chess.com"]
[Date "2024.02.06"]
[Round "10"]
[White "Road2GM3000"]
[Black "kingofthenil"]
[Result "0-1"]
[WhiteElo "2498"]
[BlackElo "2682"]
[TimeControl "180+1"]
[EndTime "9:53:40 PST"]
[Termination "kingofthenil won by resignation"]

1. d4 Nf6 2. c4 e6 3. Nc3 Bb4 4.
Nf3 b6 5. Bg5 Bb7 6. e3 h6 7.
Bh4 g5 8. Bg3 Ne4 9. Qc2 d6 10.
Bd3 f5 11. d5 Qf6 12. dxe6 Nxc3 13. O-O Ne4 14. a3 Bc5 15. b4 O-O 16. bxc5 Nxc5 17. Nd4 f4 18. exf4 gxf4 19. e7 Qxe7 20. Nf5 Rxf5 21.
Bxf5 f3 22. Rfe1 Qf7 23. Bg6 Qf6 24. Re8+ Kg7 25. Rae1 Nc6 26. Rxa8 Bxa8 27. Be4 Nd4 28. Qd3 Nxd3 29. Bxd3 fxg2 30. c5 Nf3+ 0-1

[Event "Early-Titled-Tuesday-Blitz-February-06-2024"]
[Site "Chess.com"]
[Date "2024.02.06"]
[Round "10"]
[White "Drags95"]
[Black "manitodeplomo"]
[Result "1-0"]
[WhiteElo "2834"]
[BlackElo "2600"]
[TimeControl "180+1"]
[EndTime "9:53:41 PST"]
[Termination "Drags95 won on time"]

1. d4 g6 2. c4 Bg7 3. e4 d6 4. Nc3 Nf6 5. Be2 O-O 6. Be3 c5 7. d5 e6 8. Nf3 exd5 9. cxd5 b5 10. e5 dxe5 11. Bxc5 Re8 12. Bxb5 Bd7 13. Be2 e4 14.
Nd2 Bc8 15. Nc4 Nbd7 16. Be3 Ne5 17. Nxe5 Rxe5 18. Bf4 Rf5 19. Bg3 Nxd5 20. Bg4 Rg5 21. Bxc8 Rxc8 22. Bh4 Nxc3 23. Qxd8+ Rxd8 24. Bxg5 Rd5 25.
Be3 Na4 26. Rd1 Rxd1+ 27. Kxd1 Nxb2+ 28. Kc2 Nc4 29. Bxa7 f5 30. a4 Kf7 31. Rd1 1-0

[Event "Early-Titled-Tuesday-Blitz-February-06-2024"]
[Site "Chess.com"]
[Date "2024.02.06"]
[Round "10"]
[White "FMCarmona"]
[Black "dianamirza"]
[Result "1-0"]
[WhiteElo "2139"]
[BlackElo "1949"]
[TimeControl "180+1"]
[EndTime "9:53:43 PST"]
[Termination "FMCarmona won by resignation"]

1. e4 c5 2. Nf3 e6 3. d4 cxd4 4. Nxd4 Qc7 5. Nc3 a6 6. Bd3 Nc6 7. Nxc6 dxc6 8. O-O Nf6 9. f4 Bc5+ 10. Kh1 e5 11. fxe5 Qxe5 12. Bf4 Qh5 13. Be2 Ng4 14.
h3 g5 15. Bd2 Qh4 16. Bxg4 Bxg4 17. Qxg4 Qxg4 18. hxg4 Rd8 19. Bxg5 Rd6 20. e5 Rg6 21. Ne4 Bd4 22. Bf6 Rhg8 23. c3 Rxg4 24. Nd6+ Kd7 25. cxd4 Rxg2 26. Rg1 1-0

[Event "Early-Titled-Tuesday-Blitz-February-06-2024"]
[Site "Chess.com"]
[Date "2024.02.06"]
[Round "10"]
[White "maurovargas01"]
[Black "HittingRookBottom"]
[Result "1-0"]
[WhiteElo "1889"]
[BlackElo "2004"]
[TimeControl "180+1"]
[EndTime "9:53:43 PST"]
[Termination "maurovargas01 won by resignation"]

1. e4 c6 2. Nc3 d5 3. d3 dxe4 4. Nxe4 Nf6 5. Qe2 Nxe4 6. Qxe4 Nd7 7. Nf3 Nf6 8. Qe2 Bg4 9. h3 Bxf3 10. Qxf3 e6 11. Be2 Bd6 12. O-O Qc7 13. a3 O-O-O 14. Be3 Nd5 15. Bxa7 b6 16. c4 Nf6 17. d4 Qxa7 18. Qxc6+ Qc7 19. Qb5 Ne4 20. Bf3 Nd2 21. Bc6 Qb8 22. Rfc1 Bc7 23. Qa6+ 1-0

[Event "Early-Titled-Tuesday-Blitz-February-06-2024"]
[Site "Chess.com"]
[Date "2024.02.06"]
[Round "10"]
[White "SarochaChuemsakul"]
[Black "NewYearGirl"]
[Result "0-1"]
[WhiteElo "2417"]
[BlackElo "2362"]
[TimeControl "180+1"]
[EndTime "9:53:47 PST"]
[Termination "NewYearGirl won by resignation"]

1. d4 Nf6 2. c4 c5 3. d5 b5 4. Qc2 b4 5. e4 d6 6. b3 g6 7. Bb2 Bg7 8. Nd2 O-O 9. Bd3 a5 10. Ngf3 a4 11. O-O a3 12. Bxf6 Bxf6 13. Rae1 Bc3 14.
e5 dxe5 15. Nxe5 Bb7 16. Re3 Nd7 17. Ng4 Nf6 18. Nxf6+ exf6 19. Ne4 Bd4 20. Rf3 f5 21. Ng3 Re8 22. Bxf5 gxf5 23. Nxf5 Qf6 24. g4 Bc8 25. g5 Bxf5 26. Rxf5 Qg6 27. h4 Re5 0-1

[Event "Early-Titled-Tuesday-Blitz-February-06-2024"]
[Site "Chess.com"]
[Date "2024.02.06"]
[Round "10"]
[White "scarabee43"]
[Black "TregubovP"]
[Result "1-0"]
[WhiteElo "2864"]
[BlackElo "2683"]
[TimeControl "180+1"]
[EndTime "9:53:48 PST"]
[Termination "scarabee43 won by resignation"]

1. d4 Nf6 2. c4 c5 3. d5 b5 4. cxb5 a6 5. e3 g6 6. Nc3 Bg7 7. Nf3 O-O 8. a4 e6 9. Bc4 axb5 10. Bxb5 Na6 11. O-O Nb4 12. dxe6 fxe6 13. e4 d5 14. exd5 exd5 15. Bg5 Bb7 16. Qb3 Kh8 17. Rad1 d4 18. Nxd4 cxd4 19. Qxb4 Nd5 20. Bxd8 Nxb4 21. Be7 dxc3 22.
Bxb4 cxb2 23. Bxf8 Rxf8 24. a5 Bc3 25. a6 Be4 26. Bd3 Bd5 27. Bxg6 Bb3 28. Be4 Re8 29. a7 1-0

[Event "Early-Titled-Tuesday-Blitz-February-06-2024"]
[Site "Chess.com"]
[Date "2024.02.06"]
[Round "10"]
[White "LuisFSiles"]
[Black "Gryffindorac8"]
[Result "1-0"]
[WhiteElo "2264"]
[BlackElo "2348"]
[TimeControl "180+1"]
[EndTime "9:53:48 PST"]
[Termination "LuisFSiles won by resignation"]

1. e4 c5 2. Nf3 d6 3. Bb5+ Bd7 4. Bxd7+ Qxd7 5. O-O Nc6 6. c3 e6 7. d4 cxd4 8. cxd4 d5 9. exd5 Qxd5 10. Nc3 Qd8 11. d5 exd5 12. Re1+ Be7 13. Nxd5 Nf6 14. Nxf6+ gxf6 15. Qa4 Rg8 16. Bf4 Qd5 17. Rxe7+ Kxe7 18. Re1+ Kf8 19. Bh6+ Rg7 20. Qg4 1-0

[Event "Early-Titled-Tuesday-Blitz-February-06-2024"]
[Site "Chess.com"]
[Date "2024.02.06"]
[Round "10"]
[White "Quattroporte300"]
[Black "HATilay"]
[Result "0-1"]
[WhiteElo "2379"]
[BlackElo "2510"]
[TimeControl "180+1"]
[EndTime "9:53:49 PST"]
[Termination "HATilay won by resignation"]

1. e4 c5 2. c3 d5 3. exd5 Qxd5 4. d4 Nc6 5. Nf3 Bf5 6. Be3 cxd4 7. Nxd4 O-O-O 8. Nd2 Nxd4 9. Bxd4 e5 10. Be3 Nf6 11.
Qb3 Qxb3 12. axb3 a6 13. f3 Nd5 14. Bf2 f6 15. O-O-O Nxc3 16. Re1 Na2+ 17. Kd1 Bb4 18. Be3 Rd6 19. g4 Rhd8 20. Re2 Be6 21. Kc2 Bxd2 22. Bxd2 Rc6+ 23. Bc3 Nb4+ 24. Kc1 Bxb3 25. Rd2 Na2+ 26. Kb1 Nxc3+ 27. bxc3 Rxd2 0-1

[Event "Early-Titled-Tuesday-Blitz-February-06-2024"]
[Site "Chess.com"]
[Date "2024.02.06"]
[Round "10"]
[White "wild3000"]
[Black "IngOscarArdila"]
[Result "1-0"]
[WhiteElo "2355"]
[BlackElo "2210"]
[TimeControl "180+1"]
[EndTime "9:53:51 PST"]
[Termination "wild3000 won by checkmate"]

1. h4 h5 2. a4 a5 3. d4 d5 4. c4 c6 5. Nc3 Nf6 6. Bg5 e6 7. e4 dxe4 8. Nge2 Be7 9. Ng3 Qb6 10.
Rb1 Nbd7 11. Be2 c5 12. d5 exd5 13. cxd5 O-O 14. Nf5 Re8 15. O-O Bf8 16. Bb5 Re5 17. Ne3 g6 18. Nc4 Qc7 19. d6 Qd8 20. Nxe5 Nxe5 21.
Nd5 Ned7 22. Bxd7 Bxd7 23. Nxf6+ Kh8 24. Nxh5 Qc8 25. Nf6 Bf5 26. d7 Qc7 27. Qd5 Be6 28. Qxe4 Bxd7 29. Nxd7 Qxd7 30. Rbd1 Qc7 31. Bf6+ Kg8 32.
Be5 Qb6 33. Qf4 Be7 34. Rd7 Qe6 35. Rxb7 f6 36. Rxe7 Qxe7 37. Bxf6 Qf7 38. Qg5 Rf8 39. Bc3 c4 40. Qxa5 Kh7 41. Qg5 Kg8 42. a5 Re8 43. Qh6 Qf5 44. Qg7# 1-0

[Event "Early-Titled-Tuesday-Blitz-February-06-2024"]
[Site "Chess.com"]
[Date "2024.02.06"]
[Round "10"]
[White "N4700000"]
[Black "SabinaFoisor"]
[Result "1-0"]
[WhiteElo "2432"]
[BlackElo "2330"]
[TimeControl "180+1"]
[EndTime "9:53:54 PST"]
[Termination "N4700000 won by resignation"]

1. e4 c6 2. d4 d5 3. exd5 cxd5 4. Nf3 Nc6 5. Ne5 Nxe5 6. dxe5 e6 7. Bd3 Bc5 8. O-O Ne7 9. Nd2 Ng6 10. Nb3 Be7 11.
f4 Bd7 12. Qh5 Qb6+ 13. Kh1 a5 14. a4 O-O 15. Rf3 f5 16. exf6 Rxf6 17. Rh3 e5 18.
Qxh7+ Kf7 19. fxe5 Bxh3 20. exf6 Qxf6 21. Qxg6+ Qxg6 22. Bxg6+ Kxg6 23. gxh3 b6 24. Be3 1-0

[Event "Early-Titled-Tuesday-Blitz-February-06-2024"]
[Site "Chess.com"]
[Date "2024.02.06"]
[Round "10"]
[White "Szachulec75"]
[Black "AndresDelgado77"]
[Result "0-1"]
[WhiteElo "2215"]
[BlackElo "2356"]
[TimeControl "180+1"]
[EndTime "9:53:55 PST"]
[Termination "AndresDelgado77 won by resignation"]

1. Nf3 d5 2. g3 c6 3. Bg2 Nf6 4. d3 Bf5 5. O-O h6 6. Nbd2 e6 7. b3 a5 8. a3 Be7 9. Bb2 O-O 10. Re1 Bh7 11. e4 dxe4 12. dxe4 Na6 13. Ne5 Nd7 14.
Ndf3 Nxe5 15. Nxe5 Bf6 16. Qe2 Qc7 17. Nc4 Bxb2 18.
Nxb2 Nc5 19. Qc4 Qe5 20. Nd3 Nxd3 21. Qxd3 Rfd8 22. Qe3 Qb2 23. Qe2 Rd4 24. a4 Rad8 25. Rad1 Qc3 26. f3 Rd2 27. Rxd2 Rxd2 28. Qe3 Qxc2 29.
Bf1 f6 30. Qb6 Bg6 31. h3 Bh5 32. g4 Bf7 33. Qxb7 Qc5+ 34. Kh1 Qf2 0-1

[Event "Early-Titled-Tuesday-Blitz-February-06-2024"]
[Site "Chess.com"]
[Date "2024.02.06"]
[Round "10"]
[White "MokshAD1603"]
[Black "Kotofeyca"]
[Result "1-0"]
[WhiteElo "2609"]
[BlackElo "2437"]
[TimeControl "180+1"]
[EndTime "9:53:56 PST"]
[Termination "MokshAD1603 won by checkmate"]

1. e4 c5 2. Nf3 d6 3. d4 cxd4 4.
Nxd4 Nf6 5. Nc3 a6 6. h3 b5 7.
a4 b4 8. Nd5 Nxe4 9. Qf3 Nc5 10. Nc7+ Qxc7 11. Qxa8 Bb7 12. Qa7 e5 13. Nb5 axb5 14.
Bxb5+ Kd8 15. Bd2 Nba6 16. O-O Be7 17. f4 e4 18. c3 Nb3 19. Be3 bxc3 20. Bb6 Nxa1 21.
Bxa6 cxb2 22. Qxb7 Qxb6+ 23. Qxb6+ Kd7 24. Qxb2 Bf6 25. Qb7+ Ke6 26. Qxe4+ Kd7 27. Bb5+ Kd8 28. Qa8+ Kc7 29.
Rc1+ Kb6 30. Qa6# 1-0

[Event "Early-Titled-Tuesday-Blitz-February-06-2024"]
[Site "Chess.com"]
[Date "2024.02.06"]
[Round "10"]
[White "Manukyan_Artak"]
[Black "Arlo2024"]
[Result "1-0"]
[WhiteElo "2481"]
[BlackElo "2307"]
[TimeControl "180+1"]
[EndTime "9:53:57 PST"]
[Termination "Manukyan_Artak won by resignation"]

1. e4 e6 2. d4 d5 3. e5 c5 4. c3 Nc6 5. Nf3 f5 6. a3 a6 7. b4 cxd4 8. cxd4 b5 9. Bb2 Bd7 10. Nbd2 Nge7 11. Rc1 Nc8 12. Nb3 Nb6 13. Nc5 Bxc5 14.
dxc5 Nc4 15. Bxc4 bxc4 16. Nd4 Nxe5 17. O-O Nd3 18. Rc2 Ba4 19. Nxe6 Bxc2 20. Nxg7+ Kf8 21. Qxc2 Rg8 22. Ne6+ Kf7 23. Nxd8+ Raxd8 24. Bd4 Rde8 25. Qa4 Nf4 26. Qd7+ Kg6 27. Qd6+ Ne6 28. c6 Kf7 29. Qxd5 Rxg2+ 30. Qxg2 Rg8 31. Qxg8+ Kxg8 32. Be5 1-0

[Event "Early-Titled-Tuesday-Blitz-February-06-2024"]
[Site "Chess.com"]
[Date "2024.02.06"]
[Round "10"]
[White "AccioChess"]
[Black "ChEsper99"]
[Result "1-0"]
[WhiteElo "2405"]
[BlackElo "2222"]
[TimeControl "180+1"]
[EndTime "9:53:59 PST"]
[Termination "AccioChess won by checkmate"]

1. e4 c6 2. Nc3 d5 3. Nf3 dxe4 4. Nxe4 Nf6 5. Qe2 Nxe4 6. Qxe4 Nd7 7. Bc4 Nf6 8. Ne5 e6 9. Qe2 b5 10. Nxc6 Qb6 11.
Bd3 Bb7 12. Ne5 a6 13. O-O Bd6 14. a4 Nd5 15. Be4 Nf4 16. Qf3 Bxe5 17. Bxb7 Rb8 18.
Bc6+ Ke7 19. axb5 axb5 20. d4 Qxd4 21. Be3 Qd6 22. Ra7+ Kf8 23. Rd1 Nd5 24. Bxd5 exd5 25. Rxd5 Qe6 26. Rxe5 Qxe5 27. Qxf7# 1-0

[Event "Early-Titled-Tuesday-Blitz-February-06-2024"]
[Site "Chess.com"]
[Date "2024.02.06"]
[Round "10"]
[White "ChessBliss09"]
[Black "ItsCheckM8Mate"]
[Result "0-1"]
[WhiteElo "2136"]
[BlackElo "2362"]
[TimeControl "180+1"]
[EndTime "9:54:00 PST"]
[Termination "ItsCheckM8Mate won by checkmate"]

1. e4 c6 2. d4 d5 3. exd5 cxd5 4. c4 Nf6 5. Nc3 Nc6 6. Nf3 Be6 7. c5 g6 8. a3 Bg7 9. b4 a6 10. Rb1 O-O 11. Bd3 Bg4 12. Be2 Ne4 13. Nxe4 dxe4 14. Ng5 Bf5 15. d5 Nd4 16. Be3 Qxd5 17. O-O h6 18. Nh3 Bxh3 19. gxh3 Rad8 20. Bxd4 Bxd4 21. Qc1 Kh7 22. Rd1 Qf5 23. Rf1 Qxh3 24. Qf4 Rd5 25. Kh1 Be5 26. Bg4 Qxf1+ 27. Rxf1 Bxf4 28. Re1 f5 29.
Bd1 Rfd8 30. Bb3 Rd2 31. Kg1 e3 32. fxe3 Bxh2+ 33. Kf1 Bg3 34. Rb1 Rf2+ 35. Kg1 Rdd2 36. Be6 Rg2+ 37. Kf1 Rdf2+ 38. Ke1 Rg1# 0-1

[Event "Early-Titled-Tuesday-Blitz-February-06-2024"]
[Site "Chess.com"]
[Date "2024.02.06"]
[Round "10"]
[White "ulises2013"]
[Black "ama18"]
[Result "1-0"]
[WhiteElo "2735"]
[BlackElo "2553"]
[TimeControl "180+1"]
[EndTime "9:54:01 PST"]
[Termination "ulises2013 won by checkmate"]

1. e4 c5 2. g3 d5 3. exd5 Qxd5 4. Nf3 Nc6 5. Bg2 g6 6. O-O Bg7 7. Nc3 Qd8 8. d3 Nf6 9. Be3 Qa5 10. Nd2 Nd7 11.
Nb3 Qb6 12. Nd5 Qd8 13. Nxc5 Nxc5 14. Bxc5 Bxb2 15. Rb1 Bd4 16. Bxd4 Nxd4 17. Re1 Nc6 18. Nf6+ Kf8 19. Ne4 Kg7 20. Nc5 Qc7 21. Qd2 Re8 22.
Qc3+ Kg8 23. Nb3 Bd7 24. Nd4 Rac8 25. Nb5 Qb8 26. Qa3 a6 27. Nc3 b5 28. Nd5 Be6 29. Nf4 Bd7 30. Qxa6 Nd4 31. Nd5 Rc5 32.
Nxe7+ Kf8 33. Qf6 Be6 34. Qxd4 Rxc2 35. Nc6 Qc7 36. Qh8# 1-0